 Dungeon Crawl Stone Soup version 0.28.0-47-ge53b351184 (webtiles) character file.

Game seed: 6582688576850332572

48 DildoBatman the Conjurer (level 4, -2/30 HPs)
             Began as a Formicid Conjurer on May 4, 2022.
             Was a Follower of the Shining One.
             Succumbed to Crazy Yiuf's poison
             ... on level 2 of the Dungeon.
             The game lasted 00:02:59 (1080 turns).

DildoBatman the Conjurer (Formicid Conjurer)        Turns: 1080, Time: 00:02:59

Health: -2/30      AC:  2    Str: 12    XL:     4   Next: 0%
Magic:  7/7        EV: 12    Int: 17    God:    the Shining One [*.....]
Gold:   12         SH:  0    Dex: 11    Spells: 4/7 levels left

rFire   . . .      SeeInvis +   b - +0 spear
rCold   . . .      Faith    .   (no shield)
rNeg    . . .      Spirit   .   a - +0 robe
rPois   .          Reflect  .   (helmet unavailable)
rElec   .          Harm     .   (no cloak)
rCorr   .          Rampage  .   (no gloves)
Will    .....                   (no boots)
Stlth   +.........              (no amulet)
HPRegen 0.10/turn               (no ring)
MPRegen 0.10/turn               (no ring)

@: lethally poisoned (-2 -> -15), glowing
A: permanent stasis, dig shafts and tunnels, antennae 3, four strong arms
a: Dig, Shaft Self, Renounce Religion, Divine Shield


You were on level 2 of the Dungeon.
You worshipped the Shining One.
The Shining One was aware of your devotion.
You visited 1 branch of the dungeon, and saw 2 of its levels.

You collected 12 gold pieces.

Inventory:

Hand Weapons
 b - a +0 spear (weapon)
Missiles
 c - 23 stones
 d - 21 sling bullets
 h - 15 bolts
 i - 7 arrows
Armour
 a - a +0 robe (worn)
Scrolls
 e - a scroll of enchant weapon {unknown}
 f - a scroll of fog {unknown}
 g - 2 scrolls of holy word {unknown}
 j - a scroll of noise {unknown}


   Skills:
 - Level 1.7 Dodging
 - Level 2.4 Stealth
 - Level 2.1 Spellcasting
 * Level 4.8 Conjurations


You had 4 spell levels left.
You knew the following spells:

 Your Spells              Type           Power      Damage    Failure   Level
a - Searing Ray           Conj           36%        2d5       4%          2
c - Magic Dart            Conj           72%        1d6       2%          1

Your spell library contained the following spells:

 Spells                   Type           Power      Damage    Failure   Level
 Dazzling Flash           Conj/Hex       20%        N/A       22%         3
 Call Imp                 Summ           1%         N/A       28%         2
 Mephitic Cloud           Conj/Pois/Air  7%         N/A       30%         3
 Fulminant Prism          Conj/Hex       5%         3d7       56%         4
 Iskenderun's Mystic Bla  Conj/Tloc      10%        2d4       56%         4


Dungeon Overview and Level Annotations

Branches:
Dungeon (2/15)

Altars:
The Shining One

Annotations:
D:2 1 runed translucent door, Crazy Yiuf, Sigmund


Innate Abilities, Weirdness & Mutations

You cannot be hasted, slowed, berserked, paralysed or teleported.
You can dig through walls and to a lower floor.
You have a pair of large antennae on your head. (SInv)
Your four strong arms can wield two-handed weapons with a shield.


Message History

Crazy Yiuf glowers.
Crazy Yiuf misses you. What are your orders? t - Shout!
Orders for allies: a - Attack new target. r - Retreat! s - Stop attacking. g - Guard the area. f - Follow me.
Anything else - Cancel.
You shout for attention!
Crazy Yiuf hits you with a +2 quarterstaff of chaos!
You are lethally poisoned!
What are your orders? t - Shout!
Orders for allies: a - Attack new target. r - Retreat! s - Stop attacking. g - Guard the area. f - Follow me.
Anything else - Cancel.
You shout for attention!
You feel very sick.
Crazy Yiuf cries, "You leg down broken song, no?"
Crazy Yiuf hits you with a +2 quarterstaff of chaos!
Crazy Yiuf freezes you. What are your orders? t - Shout!
Orders for allies: a - Attack new target. r - Retreat! s - Stop attacking. g - Guard the area. f - Follow me.
Anything else - Cancel.
You shout for attention!
The Shining One protects you from harm!
Crazy Yiuf glowers.
Crazy Yiuf barely misses you. What are your orders? t - Shout!
Orders for allies: a - Attack new target. r - Retreat! s - Stop attacking. g - Guard the area. f - Follow me.
Anything else - Cancel.
You shout for attention!
You die...

#####
♣♣#..)#
♣.+.@g#
♣..♣#...#
#####


You could see Crazy Yiuf.

Vanquished Creatures
  An adder (D:2)
  A dart slug (D:1)
  2 bats (D:1)
  2 endoplasms (D:1)
  A giant cockroach (D:2)
  6 goblins
  5 hobgoblins
  3 jackals (D:2)
  2 quokkas (D:1)
  2 ball pythons (D:2)
  4 frilled lizards
  2 kobolds (D:1)
  A rat (D:1)
32 creatures vanquished.

Notes
Turn   | Place    | Note
-------+----------+-------------------------------------------
     0 | D:1      | DildoBatman the Formicid Conjurer began the quest for the
                  | Orb.
     0 | D:1      | Reached XP level 1. HP: 13/13 MP: 3/3
   210 | D:1      | Reached XP level 2. HP: 15/19 MP: 3/5
   213 | D:1      | Learned a level 2 spell: Searing Ray
   226 | D:1      | Reached skill level 4 in Conjurations
   257 | D:1      | You fall into a shaft and drop 1 floor!
   500 | D:1      | Reached XP level 3. HP: 23/24 MP: 3/6
   670 | D:1      | Found a faded altar of an unknown god.
   901 | D:2      | Noticed Sigmund
  1005 | D:2      | Reached XP level 4. HP: 25/30 MP: 5/7
  1070 | D:1      | Prayed at the altar of an unknown god.
  1070 | D:1      | Became a worshipper of the Shining One
  1070 | D:1      | Reached * piety under the Shining One
  1074 | D:1      | You fall into a shaft and drop 1 floor!
  1074 | D:2      | Noticed Crazy Yiuf
  1074 | D:2      | Found a runed translucent door.
  1078 | D:2      | HP: 1/30 [Crazy Yiuf/+2 quarterstaff of chaos (2)]
  1079 | D:2      | The Shining One protects you from harm!
  1080 | D:2      | Succumbed to Crazy Yiuf's poison

Illustrated notes

Levels and vault maps discovered:
D:1:      saegor_arrival_simple_e, layout_rooms,
          hellmonk_ecumenical_altar_prayer_group
D:2:      layout_rooms, uniq_crazy_yiuf_cottage, uniq_robin, uniq_sigmund

Skill      XL: |  1  2 |
---------------+-------+-----
Conjurations   | 4 |  4.8
Dodging        | |  1.7
Stealth        | |  2.4
Spellcasting   | |  2.1

Action                   |  1- 3 |  4- 6 || total
-------------------------+-------+-------++-------
Melee: Spear             |    15 |       ||    15
 Cast: Magic Dart        |    52 |       ||    52
       Searing Ray       |     2 |       ||     2
 Abil: Shaft Self        |       |     1 ||     1
Armor: Robe              |     5 |       ||     5
Dodge: Dodged            |    14 |     3 ||    17
